AoeStats
← So sad

Nomad

506878557Analyzed
3v3 RM · 16d ago on Sep 15, 2026· 26m 35s· 6 players
Game mode
Random Map
Map size
210×210
Population
200
Speed
Normal
Resources
Standard
Victory
Conquest
Starting age
Dark Age
Ending age
Imperial Age
RankedLock teamsTeams togetherTeam positionsShared explorationLock speedFull tech treeHidden civsTurbo modeCheats
Victory
Defeat
🇺🇦 Britons · Ukraine
1400
+17
🇧🇾 Gurjaras · Belarus
1399
+17
🇧🇾 Malians · Belarus
1356
+18
🇩🇪 Portuguese · Germany
1439
-18
🇨🇴 Hindustanis · Colombia
1425
-18
🇫🇷 Franks · France
1381
-16
ip_lucas
12:27 Loom
15:00 Feudal Age
16:20 Double-Bit Axe
19:54 Castle Age
19:04 Scale Barding Armor
19:36 Gold Mining
21:48 Chain Barding Armor
ThreeMinuteHero
4:54 Loom
14:58 Feudal Age
18:55 Castle Age
18:44 Forging
19:49 Medium Warships
21:04 Iron Casting
21:29 Fletching
25:24 Bodkin Arrow
Tacris09
4:36 Loom
15:20 Feudal Age
16:07 Double-Bit Axe
19:38 Castle Age
NiL
4:32 Loom
14:54 Feudal Age
19:05 Castle Age
16:57 Double-Bit Axe
17:03 Fishing Lines
17:51 Gold Mining
18:39 Stone Mining
19:44 Fletching
20:29 Bow Saw
21:22 Wheelbarrow
20:32 Town Watch
21:29 Wheelbarrow
20:39 Town Watch
22:34 Bodkin Arrow
22:40 Padded Archer Armor
23:10 Crossbowman
25:45 Ballistics
26:02 Hand Cart
HURMA
4:45 Loom
13:36 Feudal Age
14:05 Fishing Lines
14:38 Double-Bit Axe
15:19 Gold Mining
17:20 Forging
18:00 Wheelbarrow
22:58 Castle Age
23:48 Medium Warships
24:06 Stone Mining
25:06 Hand Cart
24:37 Town Watch
25:03 Bow Saw
24:38 Horse Collar
So sad
4:56 Loom
13:48 Feudal Age
14:38 Town Watch
14:59 Fishing Lines
16:17 Double-Bit Axe
19:20 Castle Age
18:04 Stone Mining
21:26 Scale Barding Armor
26:23 Murder Holes
Connection lost

Rejoining the realm…

Still unreachable

The connection could not be restored.

Session expired

The server has moved on; the page needs a fresh start.